Map: Void Training Stage 3

Players

Syntix

  • Race: Protoss Protoss
  • League: Platinum
  • Spawn Location: 12:00

Player 2 - Winner!

  • Race: Protoss Protoss
  • Spawn Location: 6:00

VOD

Have the link to the VOD?

Description

Time

  • Played on: March 29, 2018, 9:17 a.m.
  • Length: 5:46
Show
View Real Time Build Order
Export as new Build Order

Syntix Protoss 

Build Orders: 1 Gate Expand, Oracle Opening, Phoenix Opening 

Get SALT Encoding   

  12  0:00  Probe  
  13  0:12  Probe  
  14  0:17  Pylon  
  14  0:24  Probe (Chrono Boost)  
  15  0:37  Probe (Chrono Boost)  
  15  0:39  Gateway  
  16  0:45  Probe (Chrono Boost)  
  17  0:51  Probe  
  17  0:52  Assimilator  
  18  1:03  Probe  
  19  1:15  Probe  
  20  1:29  Nexus  
  20  1:40  Cybernetics Core  
  20  1:43  Probe  
  21  1:48  Assimilator  
  21  1:55  Probe  
  21  1:58  Pylon  
  22  2:07  Probe  
  23  2:15  Adept (Chrono Boost)  
  23  2:19  Probe  
  26  2:23  Stargate  
  26  2:28  Warp Gate  
  26  2:31  Probe  
  27  2:38  Adept  
  27  2:43  Probe (Chrono Boost)  
  31  2:49  Probe (Chrono Boost)  
  31  2:53  Probe (Chrono Boost)  
  31  2:57  Probe (Chrono Boost)  
  31  2:58  Probe (Chrono Boost)  
  34  3:08  Probe, Oracle (Chrono Boost)  
  34  3:09  Probe  
  39  3:13  Pylon  
  39  3:20  Probe  
  39  3:22  Adept  
  42  3:27  Probe  
  42  3:32  Probe  
  42  3:33  Phoenix  
  44  3:39  Probe, Assimilator  
  47  3:45  Gateway  
  47  3:49  Assimilator  
  47  3:56  Robotics Facility  
  47  3:58  Probe  
  47  3:59  Probe  
  49  4:10  Probe, Twilight Council  
  49  4:12  Probe  
  49  4:16  Pylon  
  51  4:31  Probe x2  
  53  4:37  Gateway  
  53  4:39  Warp Prism (Chrono Boost)  
  53  4:40  Gateway  
  53  4:43  Probe  
  56  4:49  Templar Archives  
  56  4:52  Zealot  
  58  5:01  Probe x2  
  58  5:04  Pylon  
  58  5:05  Pylon  
  60  5:18  Nexus  
  60  5:19  Pylon  
  60  5:27  Observer (Chrono Boost)  
  61  5:38  High Templar  
Show
View Real Time Build Order
Export as new Build Order

Player 2 Protoss - Winner!

Build Orders:  

Get SALT Encoding   

  12  0:00  Probe  
  13  0:13  Probe  
  14  0:21  Pylon  
  14  0:25  Probe  
  15  0:35  Probe  
  16  0:43  Probe  
  16  0:47  Assimilator  
  17  0:51  Gateway  
  17  0:52  Probe  
  18  1:00  Pylon  
  18  1:29  Gateway  
  18  1:34  Assimilator  
  18  1:42  Cybernetics Core  
  18  1:44  Zealot  
  20  2:04  Pylon  
  20  2:07  Zealot  
  20  2:09  Warp Gate  
  22  2:26  Adept  
  24  2:39  Adept  
  26  2:53  Adept  
  26  2:54  Pylon  
  26  2:56  Probe  
  29  3:06  Stalker  
  29  3:08  Probe  
  32  3:20  Adept, Probe, Forge  
  35  3:32  Probe  
  36  3:36  Adept  
  38  3:44  Probe  
  39  3:56  Probe  
  40  5:23  Probe  
  40  5:27  Stalker  
  43  5:29  Photon Cannon  
  43  5:31  Photon Cannon  
  43  5:32  Robotics Facility  
  43  5:35  Pylon  
  43  5:37  Stargate  
  43  5:40  Twilight Council  
  43  5:41  Sentry  
  45  5:42  Gateway  
  45  5:45  Forge  
Tags
 
Add a new tag
Caveats
  • Supply blocks, unpowered buildings, or Contaminate may cause inaccurate times.
  • Supply counts are checked every 10 seconds.